 Dungeon Crawl Stone Soup version 0.28-a0-932-g843f935a50 (webtiles) character file.

Game seed: 267128492641676651

156 Daunt the Cudgeller (level 5, -2/46 HPs)
             Began as a Minotaur Chaos Knight on Nov 27, 2021.
             Slain by an unseen horror (shapeshifter) (5 damage)
             ... on level 3 of the Dungeon.
             The game lasted 00:04:51 (1923 turns).

Daunt the Cudgeller (Minotaur Chaos Knight)         Turns: 1923, Time: 00:04:52

Health: -2/46      AC:  7    Str: 18    XL:     5   Next: 14%
Magic:  4/4        EV: 11    Int:  9    God:
Gold:   78         SH:  0    Dex:  9    Spells: 4/4 levels left

rFire   . . .      SeeInvis .   a - +2 mace (vorpal)
rCold   . . .      Faith    .   (no shield)
rNeg    . . .      Spirit   .   c - +2 leather armour
rPois   +          Reflect  .   (helmet restricted)
rElec   .          Harm     .   (no cloak)
rCorr   .          Rampage  .   e - +0 pair of gloves
Will    .....                   o - +0 pair of boots
Stlth   +.........              (no amulet)
HPRegen 0.15/turn               (no ring)
MPRegen 0.09/turn               (no ring)

@: unable to read
A: horns 2, retaliatory headbutt, poison resistance, inability to read while
threatened
a: no special abilities


You were on level 3 of the Dungeon.
You visited 1 branch of the dungeon, and saw 3 of its levels.

You collected 78 gold pieces.

Inventory:

Hand Weapons
 a - a +2 vorpal mace (weapon)
 b - a +0 hunting sling
Missiles
 h - 62 arrows
 m - 53 stones (quivered)
Armour
 c - a +2 leather armour (worn)
 e - a +0 pair of gloves (worn)
 o - a +0 pair of boots (worn)
Scrolls
 d - 4 scrolls of identify {unknown}
 g - 2 scrolls of enchant armour {unknown}
 i - 2 scrolls of brand weapon {unknown}
 j - a scroll of silence {unknown}
 n - a scroll of magic mapping {unknown}
Potions
 f - 2 potions of lignification {unknown}
 k - a potion of invisibility {unknown}
 l - 2 potions of curing {unknown}
 p - a potion of degeneration {unknown}


   Skills:
 - Level 4.0 Fighting
 + Level 6.4 Maces & Flails
 - Level 3.0 Armour
 - Level 1.8 Dodging


You had 4 spell levels left.
You didn't know any spells.
Your spell library contained the following spells:

 Spells                   Type           Power      Damage    Failure   Level
 Magic Dart               Conj           0%         1d3       43%         1
 Call Imp                 Summ           0%         N/A       58%         2
 Mephitic Cloud           Conj/Pois/Air  0%         N/A       82%         3


Dungeon Overview and Level Annotations

Branches:
Dungeon (3/15)

Altars:

Shops:
D:3 (


Innate Abilities, Weirdness & Mutations

You have a pair of horns on your head.
You reflexively headbutt those who attack you in melee.
Your system is resistant to poisons. (rPois)
You sometimes lose the ability to read scrolls when taking damage.


Message History

An orc comes into view. It is wielding a +0 falchion.
The orc shouts!
An orc is nearby!
A goblin comes into view. It is wielding a +0 dagger.
The orc misses you. You furiously retaliate!
You headbutt the orc!
You kill the orc!
Xom's power touches on a nearby monster.
The goblin changes into a shapeshifter!
The shapeshifter changes into something you cannot see!
You see here a +0 falchion.
No target in view!
No target in view!
No target in view!
Deactivating autopickup; reactivate with Ctrl-A.
You hit something. You headbutt something.
Something hits you but does no damage. Something hits you!
Unknown command.
Something hits you.
You see here a +0 dagger.
You sock something! Something hits you! Something hits you but does no damage.
Something hits you.
You feel threatened and lose the ability to read scrolls!
You miss something. Something hits you. Something hits you but does no damage.
You can read scrolls again.
Something hits you but does no damage. Something hits you.
Unknown command.
You completely miss something. Something hits you but does no damage.
You see here a +0 dagger.
You hit something. You headbutt something! Something hits you.
You feel threatened and lose the ability to read scrolls!
Something hits you.
You see here a +0 falchion.
You closely miss something. Something hits you. x2
* * * LOW HITPOINT WARNING * * *
You hit something. Something hits you.
* * * LOW HITPOINT WARNING * * *
Something hits you.
You die...

#### #
..#.#
#.###.#.#
#.......#
#####.###
#.# #)#
#@# #.#
#.# #.#
#.#
#####.#
#.....#
#.#####
#.#


There were no monsters in sight!

Vanquished Creatures
  2 orc wizards (D:3)
  2 adders
  A worm (D:2)
  7 dart slugs (D:3)
  9 orcs (D:3)
  6 ball pythons
  5 bats
  4 endoplasms
  2 giant cockroaches (D:1)
  4 hobgoblins
  3 jackals (D:1)
  2 quokkas
  2 frilled lizards (D:1)
  7 goblins
  3 kobolds
  5 rats
64 creatures vanquished.

Notes
Turn   | Place    | Note
-------+----------+-------------------------------------------
     0 | D:1      | Daunt the Minotaur Chaos Knight began the quest for the
                  | Orb.
     0 | D:1      | Reached XP level 1. HP: 19/19 MP: 0/0
     0 | D:1      | Fell from the grace of Xom
    99 | D:1      | Found a faded altar of an unknown god.
   116 | D:1      | Reached XP level 2. HP: 27/27 MP: 1/1
   215 | D:1      | Reached skill level 4 in Maces & Flails
   216 | D:1      | XOM: give mutation
   216 | D:1      | Gained mutation: Your system is resistant to poisons.
                  | (rPois) [Xom's mischief]
   382 | D:1      | Reached XP level 3. HP: 33/33 MP: 2/2
  1230 | D:3      | Found Zidod's Weapon Emporium.
  1313 | D:3      | Reached skill level 5 in Maces & Flails
  1375 | D:3      | Reached XP level 4. HP: 40/40 MP: 3/3
  1420 | D:3      | XOM: give mutation
  1420 | D:3      | Gained mutation: You sometimes lose the ability to read
                  | scrolls when taking damage. [Xom's mischief]
  1824 | D:3      | XOM: god gift: viscous black potion {god gift}
  1834 | D:3      | Reached skill level 6 in Maces & Flails
  1858 | D:3      | Reached XP level 5. HP: 42/46 MP: 4/4
  1907 | D:3      | Noticed a shapeshifter
  1907 | D:3      | a goblin changed into a shapeshifter
  1907 | D:3      | XOM: polymorph goblin -> shapeshifter
  1908 | D:3      | a shapeshifter changed into something unseen
  1923 | D:3      | Slain by an unseen horror (shapeshifter)

Illustrated notes

Levels and vault maps discovered:
D:1:      mrwooster_arrival_statue, layout_basic, basic_ecumenical_altar,
          minmay_worlds_worst_comb
D:2:      layout_basic, minmay_pentomino_o2
D:3:      kennysheep_slugbush, layout_loops_corners, overflow_temple_1_default,
          serial_shops, shop_statue

Skill      XL: |  1  2  3  4 |
---------------+-------------+-----
Maces & Flails | 4 5 6 |  6.4
Fighting       | 4 |  4.0
Armour         | 3 |  3.0
Dodging        | |  1.8

Action                   |  1- 3 |  4- 6 || total
-------------------------+-------+-------++-------
Melee: Mace              |    83 |    63 ||   146
       Headbutt          |     3 |     8 ||    11
Throw: Stone             |     1 |       ||     1
Invok: Renounce Religion |     1 |       ||     1
Armor: Leather armour    |    33 |    24 ||    57
Dodge: Dodged            |    44 |    28 ||    72

Table legend: (Time is in decaauts)
 A = Elapsed time spent in this place.
 B = Non-inter-level travel time spent in this place.
 C = Inter-level travel time spent in this place.
 D = Time resting spent in this place.
 E = Time spent auto-exploring this place.
 F = Levels seen in this place.
 G = Mean time per level.
                   A        B        C        D        E       F      G
               +--------+--------+--------+--------+--------+-----+--------+
         Total |   1956 |   1865 |     91 |    262 |   1201 |   3 |  652.0 |
       Dungeon |   1956 |   1865 |     91 |    262 |   1201 |   3 |  652.0 |
               +--------+--------+--------+--------+--------+-----+--------+

Top non-repeatable levels by time:
     D:3: 879 daAuts
     D:2: 597 daAuts
     D:1: 478 daAuts
